 Dungeon Crawl Stone Soup version 0.30.0-10-gfe55d96785 (webtiles) character file.

Game seed: 278958025747506719

1437 qw the Chopper (level 8, -2/49 HPs)
             Began as a Gargoyle Cinder Acolyte on May 17, 2023.
             Was a Priest of Ignis.
             Slain by a two-headed ogre
             ... wielding a +0 giant club
              (4 damage)
             ... on level 5 of the Dungeon.
             The game lasted 00:03:04 (5122 turns).

qw the Chopper (Gargoyle Cinder Acolyte)            Turns: 5122, Time: 00:03:04

Health: -2/49      AC: 28    Str: 19    XL:     8   Next: 74%
Magic:  9/9        EV:  7    Int: 16    God:    Ignis [***...]
Gold:   114        SH:  7    Dex:  5    Spells: 9/9 levels left

rFire   + . .        Y - -1 hand axe (flame)
rCold   . . .        r - +0 kite shield
rNeg    + + .        p - +0 pearl dragon scales
rPois   inf          m - +0 helmet
rElec   +            q - +0 cloak
rCorr   .            (no gloves)
SInv    +            h - +0 pair of boots
Will    .....        (no amulet) Stlth
                     i - ring of see invisible
HPRegen 0.28/turn    (no ring)
MPRegen 0.11/turn

%: no passive effects
@: about to teleport, fiery-armoured
A: sickness immunity, AC +5, negative energy resistance 1, electricity
resistance, torment resistance 1, petrification resistance
a: Renounce Religion, Fiery Armour, Foxfire Swarm, Rising Flame


You were on level 5 of the Dungeon.
You worshipped Ignis.
Ignis was most pleased with you.
You visited 1 branch of the dungeon, and saw 5 of its levels.
You also visited: Sewer.

You collected 226 gold pieces.
You spent 112 gold pieces at shops.


Innate Abilities, Weirdness & Mutations

You are immune to sickness and miasma.
Your stone body is resilient. (AC +5)
You are immune to poison.
You resist negative energy. (rN+)
You are resistant to electric shocks. (rElec)
You are resistant to unholy torment.
You are immune to petrification.


   Skills:
 - Level 5.1 Fighting
 - Level 7.2 Axes
 - Level 1.2 Throwing
 - Level 4.1 Armour
 + Level 5.2 Shields
 - Level 1.0 Spellcasting
 - Level 3.0 Fire Magic


You had 9 spell levels left.
You didn't know any spells.
Your spell library contained the following spells:

 Spells                   Type           Power      Damage    Failure   Level
 Scorch                   Fire           20%        2d6       65%         2

Inventory:

Hand Weapons
 Y - a -1 hand axe of flaming (weapon)
Missiles
 b - 2 silver boomerangs (quivered)
Armour
 h - a +0 pair of boots (worn)
 m - a +0 helmet (worn)
 p - +0 pearl dragon scales (worn)
 q - a +0 cloak (worn)
 r - a +0 kite shield (worn)
Jewellery
 i - a ring of see invisible (left hand)
Scrolls
 a - a scroll of teleportation
 n - 2 scrolls of identify
Potions
 d - a potion of haste
 f - a potion of might {unknown}
 g - a potion of resistance {unknown}
 j - a potion of flight {unknown}
 k - 3 potions of curing
 l - a potion of lignification {unknown}
 o - a potion of berserk rage {unknown}

Dungeon Overview and Level Annotations

Branches:
Dungeon (5/15)              Sewer (visited)
 Temple: D:4-7

Altars:

Shops:
D:1 (   D:2 *?

Annotations:
D:5 3 runed translucent doors, dinmas's ghost, novice DsGl


Message History

5111 ||| Stepping ~*~*~tactically~*~*~ (stealth).
The ufetubus shouts!
You hit the two-headed ogre. You burn the two-headed ogre.
The two-headed ogre is lightly wounded.
The two-headed ogre barely misses you.
The two-headed ogre hits you with a +0 giant spiked club.
You hit the two-headed ogre. You burn the two-headed ogre.
The two-headed ogre is moderately wounded.
The two-headed ogre hits you with a +0 giant club!
The two-headed ogre hits you with a +0 giant spiked club.
You barely miss the two-headed ogre.
The two-headed ogre is moderately wounded.
You closely miss the two-headed ogre.
The two-headed ogre is moderately wounded.
The two-headed ogre hits you with a +0 giant club!!
The two-headed ogre closely misses you.
5118 ||| INVOKING Fiery Armour.
A protective cloak of flame settles atop you.
The two-headed ogre barely misses you. x2
You hit the two-headed ogre. You burn the two-headed ogre.
The two-headed ogre is moderately wounded.
You slash the two-headed ogre! You burn the two-headed ogre.
The two-headed ogre is heavily wounded.
The two-headed ogre barely misses you.
The two-headed ogre hits you with a +0 giant spiked club.
The two-headed ogre is burned by your cloak of flames.
The two-headed ogre is heavily wounded.
5121 ||| READING 2 scrolls of teleportation.
As you read the scroll of teleportation, it crumbles to dust.
You feel strangely unstable.
The two-headed ogre hits you but does no damage.
The two-headed ogre is burned by your cloak of flames.
The two-headed ogre is heavily wounded.
The two-headed ogre hits you with a +0 giant spiked club!
The two-headed ogre is burned by your cloak of flames.
The two-headed ogre is heavily wounded.
You hit the two-headed ogre but do no damage.
The two-headed ogre is heavily wounded.
The two-headed ogre hits you with a +0 giant club.
You die...

####...##.##
..####..#####..#
#.............##
######..#######
##.# #.#
#.#########
#.#.O5.....
#######.#@#
..........#
........###
#########


You could see a two-headed ogre and an ufetubus.

Vanquished Creatures
  Sigmund (D:5)
  A black bear (D:5)
  9 kobold brigands (Sewer)
  3 scorpions
  A hound (D:5)
  An iguana (D:5)
  2 orc wizards (D:4)
  Robin (D:3)
  4 gnolls
  13 adders
  A white imp (D:5)
  6 worms
  3 orcs (D:4)
  6 bats
  9 endoplasms
  A giant cockroach (D:3)
  13 goblins
  10 hobgoblins
  10 jackals
  10 kobolds
  3 quokkas
  7 ball pythons
  5 frilled lizards
  13 rats
133 creatures vanquished.

Notes
Turn   | Place    | Note
-------+----------+-------------------------------------------
     0 | D:1      | qw the Gargoyle Cinder Acolyte began the quest for the Orb.
     0 | D:1      | Reached XP level 1. HP: 14/14 MP: 2/2
     0 | D:1      | 0 ||| qw: Version: 0.2-a-95-g4c1bab1
     0 | D:1      | 0 ||| qw: Game counter: 164
     0 | D:1      | 0 ||| qw: Always use a shield: true
     0 | D:1      | 0 ||| qw: God list: Okawaru
     0 | D:1      | 0 ||| qw: Allow faded altars: false
     0 | D:1      | 0 ||| qw: Do Orc after D:15 true
     0 | D:1      | 0 ||| qw: Do second Lair branch before Depths: true
     0 | D:1      | 0 ||| qw: Lair rune preference: random
     0 | D:1      | 0 ||| qw: Plans: Normal
     0 | D:1      | 0 ||| PLANNING D:1-11
   156 | D:1      | Found a faded altar of an unknown god.
   157 | D:1      | 157 ||| Stepping ~*~*~tactically~*~*~ (stealth).
   165 | D:1      | Reached skill level 3 in Axes
   194 | D:1      | Reached XP level 2. HP: 19/19 MP: 3/3
   289 | D:1      | 289 ||| Stepping ~*~*~tactically~*~*~ (stealth).
   350 | D:1      | Found Durhuol's Weapon Shoppe.
   391 | D:1      | Reached XP level 3. HP: 23/23 MP: 4/4
   960 | D:1      | 960 ||| READING 2 scrolls labelled CUASUTATURCH.
   972 | D:2      | 972 ||| Stepping ~*~*~tactically~*~*~ (stealth).
   979 | D:2      | 979 ||| INVOKING Fiery Armour.
   984 | D:2      | Reached skill level 4 in Axes
  1019 | D:2      | 1019 ||| Stepping ~*~*~tactically~*~*~ (stealth).
  1028 | D:2      | Reached XP level 4. HP: 28/28 MP: 5/5
  1288 | D:2      | 1288 ||| Stepping ~*~*~tactically~*~*~ (stealth).
  1290 | D:2      | 1290 ||| Stepping ~*~*~tactically~*~*~ (stealth).
  1487 | D:2      | Found Naceweat's General Store.
  1514 | D:2      | 1514 ||| BUYING 2 potions of curing (84 gold).
  1514 | D:2      | Bought 2 potions of curing for 84 gold pieces
  1749 | D:2      | Reached skill level 5 in Axes
  1807 | D:2      | Found Periloni's Magic Scroll Shop.
  1810 | D:2      | 1810 ||| SHOPLISTING 2 scrolls of teleportation (84 gold,
                  | have 33).
  1810 | D:2      | 1810 ||| BUYING scroll of identify (28 gold).
  1810 | D:2      | Bought a scroll of identify for 28 gold pieces
  1810 | D:2      | 1810 ||| SHOPLISTING scroll of teleportation (42 gold, have
                  | 5).
  1810 | D:2      | 1810 ||| UPGRADING to +0 leather armour.
  1820 | D:2      | 1820 ||| DROPPING +0 robe.
  1821 | D:2      | 1821 ||| UPGRADING to ring of see invisible.
  1822 | D:2      | 1822 ||| READING scroll labelled MAHUHA OT DEOD.
  1823 | D:2      | 1823 ||| READING scroll labelled WIDAUC LURUME.
  1888 | D:3      | Reached XP level 5. HP: 32/32 MP: 6/6
  2074 | D:3      | 2074 ||| Stepping ~*~*~tactically~*~*~ (stealth).
  2089 | D:3      | Noticed Robin
  2090 | D:3      | 2090 ||| Stepping ~*~*~tactically~*~*~ (hiding).
  2101 | D:3      | 2101 ||| INVOKING Fiery Armour.
  2102 | D:3      | Killed Robin
  2493 | D:3      | 2493 ||| Stepping ~*~*~tactically~*~*~ (hiding).
  2499 | D:3      | 2499 ||| INVOKING Fiery Armour.
  2581 | D:3      | Identified the +7 dagger of Etustuum {flame, rC++ Str-3}
  2729 | D:3      | 2729 ||| UPGRADING to +0 ring mail.
  2739 | D:3      | 2739 ||| UPGRADING to +0 plate armour.
  2749 | D:3      | 2749 ||| DROPPING +0 ring mail.
  2750 | D:3      | 2750 ||| DROPPING +0 leather armour.
  2751 | D:3      | 2751 ||| UPGRADING to +0 helmet.
  2756 | D:3      | 2756 ||| UPGRADING to +0 pearl dragon scales.
  2766 | D:3      | 2766 ||| DROPPING +0 plate armour.
  2767 | D:3      | 2767 ||| UPGRADING to +0 cloak.
  2772 | D:3      | 2772 ||| READING scroll labelled VAGYNGU FEKHIOGO.
  2773 | D:3      | 2773 ||| READING 2 scrolls of identify.
  2773 | D:3      | 2773 ||| IDENTIFYING dark potion
  2774 | D:3      | 2774 ||| DROPPING potion of invisibility.
  2800 | D:4      | Found a glowing drain.
  2801 | D:4      | 2801 ||| PLANNING SEWER
  2801 | D:4      | 2801 ||| STAIRDANCE
  2820 | D:4      | 2820 ||| STAIRDANCE
  2833 | Sewer    | Entered a sewer
  2869 | Sewer    | 2869 ||| Stepping ~*~*~tactically~*~*~ (water).
  2878 | Sewer    | Reached skill level 1 in Armour
  2915 | Sewer    | 2915 ||| INVOKING Fiery Armour.
  2918 | Sewer    | Reached XP level 6. HP: 15/38 MP: 7/7
  3040 | Sewer    | 3040 ||| Stepping ~*~*~tactically~*~*~ (hiding).
  3045 | Sewer    | 3045 ||| Stepping ~*~*~tactically~*~*~ (hiding).
  3117 | Sewer    | Reached skill level 3 in Armour
  3237 | Sewer    | 3237 ||| INVOKING Fiery Armour.
  3242 | Sewer    | Reached XP level 7. HP: 22/43 MP: 8/8
  3422 | Sewer    | Reached skill level 6 in Axes
  3746 | Sewer    | 3746 ||| INVOKING Fiery Armour.
  3748 | Sewer    | Reached skill level 7 in Axes
  3915 | Sewer    | Reached XP level 8. HP: 49/49 MP: 9/9
  3923 | Sewer    | 3923 ||| READING scroll labelled GIAFACW JYGI.
  3924 | Sewer    | 3924 ||| DRINKING 2 bubbling silvery potions.
  3925 | Sewer    | 3925 ||| DROPPING potion of brilliance.
  3952 | D:4      | 3952 ||| PLANNING D:1-11
  4328 | D:4      | 4328 ||| Stepping ~*~*~tactically~*~*~ (hiding).
  4356 | D:4      | 4356 ||| DRINKING 3 potions of curing.
  4356 | D:4      | 4356 ||| (to cure confusion)
  4358 | D:4      | Reached skill level 1 in Throwing
  4723 | D:4      | 4723 ||| UPGRADING to +0 pair of boots.
  4728 | D:4      | 4728 ||| UPGRADING to +0 kite shield.
  4733 | D:4      | 4733 ||| DRINKING 2 pink potions.
  4734 | D:4      | 4734 ||| READING 3 scrolls of identify.
  4734 | D:4      | 4734 ||| IDENTIFYING metallic sapphire potion
  4735 | D:4      | 4735 ||| READING 2 scrolls of identify.
  4735 | D:4      | 4735 ||| IDENTIFYING purple potion
  4736 | D:4      | 4736 ||| DROPPING potion of attraction.
  4737 | D:4      | 4737 ||| DROPPING potion of degeneration.
  4747 | D:5      | Entered Level 5 of the Dungeon
  4762 | D:5      | Reached skill level 1 in Shields
  4799 | D:5      | 4799 ||| Stepping ~*~*~tactically~*~*~ (stealth).
  4800 | D:5      | 4800 ||| Stepping ~*~*~tactically~*~*~ (stealth).
  4819 | D:5      | 4819 ||| Stepping ~*~*~tactically~*~*~ (hiding).
  4837 | D:5      | Reached skill level 3 in Shields
  4941 | D:5      | Noticed Sigmund
  4942 | D:5      | 4942 ||| Stepping ~*~*~tactically~*~*~ (hiding).
  4962 | D:5      | Killed Sigmund
  4977 | D:5      | Noticed a two-headed ogre
  5061 | D:5      | Found a runed translucent gate.
  5065 | D:5      | Found a runed translucent gate.
  5066 | D:5      | Found a runed translucent gate.
  5098 | D:5      | Noticed dinmas's ghost (novice DsGl)
  5108 | D:5      | Noticed a two-headed ogre
  5111 | D:5      | 5111 ||| Stepping ~*~*~tactically~*~*~ (stealth).
  5118 | D:5      | 5118 ||| INVOKING Fiery Armour.
  5120 | D:5      | HP: 10/49 [two-headed ogre/+0 giant club (4)]
  5121 | D:5      | 5121 ||| READING 2 scrolls of teleportation.
  5121 | D:5      | HP: 2/49 [two-headed ogre/+0 giant club (8)]
  5122 | D:5      | Slain by a two-headed ogre

Levels and vault maps discovered:
D:1:      roderic_lyre, layout_loops_ring, hellmonk_ecumenical_altar_zigzags,
          serial_shops, shop, reono_crystal_passage, minivault_11
D:2:      layout_loops_ring, serial_shops, nicolae_shop_stone,
          nicolae_shop_rolled_up, grunt_ministairs_13,
          nicolae_kite_square_tiling_tiny
D:3:      layout_loops_ring, minmay_misc_feat_ornament, uniq_robin
D:4:      layout_loops_corners, portal_sewer_entry_b
D:5:      layout_loops_ring, nemelex_dance_club_becter, serial_shops, shop,
          gammafunk_ghost_icy, uniq_sigmund

Skill      XL: |  1  2  3  4  5  6  7  8 |
---------------+-------------------------+-----
Axes           | 3 4 5 7 |  7.2
Fighting       | 4 5 |  5.1
Armour         | 1 3 4 |  4.1
Throwing       | 1 |  1.2
Shields        | 5 |  5.2
Spellcasting   | |  1.0
Fire Magic     | |  3.0

Action                     |  1- 3 |  4- 6 |  7- 9 || total
---------------------------+-------+-------+-------++-------
  Melee: Hand axe          |    75 |   301 |   293 ||   669
         Punch             |       |     1 |     2 ||     3
  Throw: Boomerang         |       |       |    16 ||    16
 Invoke: Fiery Armour      |     1 |     4 |     2 ||     7
    Use: Scroll            |     1 |     4 |     4 ||     9
         Potion            |       |       |     3 ||     3
 Armour: Robe              |    28 |    31 |       ||    59
         Leather armour    |       |    35 |       ||    35
         Pearl dragon scal |       |    53 |   149 ||   202
  Dodge: Dodged            |    42 |   119 |   106 ||   267
  Block: Kite shield       |       |       |    21 ||    21

Table legend:
 A = Non-vault XP
 B = Vault XP
 C = Vault XP percentage of total XP
 D = Non-vault monster count
 E = Vault monster count
 F = Vault count percentage of total count
                 A         B        C        D         E       F
            +---------+---------+-------+---------+---------+-------
      Total |     844 |    1209 |  58.9 |      91 |      42 |  31.6
            +---------+---------+-------+---------+---------+-------
        D:1 |      44 |       0 |   0.0 |      19 |       0 |   0.0
        D:2 |     117 |       3 |   2.5 |      32 |       2 |   5.9
        D:3 |     110 |      31 |  22.0 |      24 |       9 |  27.3
        D:4 |     180 |       2 |   1.1 |       8 |       2 |  20.0
        D:5 |     393 |     239 |  37.8 |       8 |       1 |  11.1
      Sewer |       0 |     934 | 100.0 |       0 |      28 | 100.0
            +---------+---------+-------+---------+---------+-------
